 Dungeon Crawl Stone Soup version 0.25-a0-661-g55ea3d2 (webtiles) character file.

Game seed: 11481461058132566164, levelgen mode: deterministic

248 Faca the Skirmisher (level 6, -8/51 HPs)
             Began as a Human Fighter on Mar 23, 2020.
             Was an Initiate of Okawaru.
             Mangled by an ogre
             ... wielding a +0 giant spiked club
              (20 damage)
             ... on level 4 of the Dungeon.
             The game lasted 00:07:45 (3367 turns).

Faca the Skirmisher (Human Fighter)                 Turns: 3367, Time: 00:07:46

Health: -8/51      AC:  7    Str: 18    XL:     6   Next: 34%
Magic:  6/6        EV:  6    Int:  9    God:    Okawaru [......]
Gold:   102        SH:  8    Dex: 12    Spells: 5/5 levels left

rFire    . . .     SeeInvis .   a - +0 long sword
rCold    . . .     Gourm    .   c - +0 kite shield
rNeg     . . .     Faith    .   b - +0 scale mail
rPois    .         Spirit   .   l - +0 helmet
rElec    .         Reflect  .   (no cloak)
rCorr    .         Harm     .   (no gloves)
MR       .....                  (no boots)
Stlth    ..........             (no amulet)
HPRegen  0.17/turn              (no ring)
MPRegen  0.10/turn              (no ring)

@: drained
A: no striking features
a: Renounce Religion


You were on level 4 of the Dungeon.
You worshipped Okawaru.
Okawaru was noncommittal.
You were near starving.

You visited 2 branches of the dungeon, and saw 5 of its levels.

You collected 102 gold pieces.

Inventory:

Hand Weapons
 a - a +0 long sword (weapon)
Armour
 b - a +0 scale mail (worn)
 c - a +0 kite shield (worn)
 l - a +0 helmet (worn)
Wands
 k - a wand of polymorph (8)
Scrolls
 h - 3 scrolls of remove curse
 i - a scroll of immolation
 n - 2 scrolls of teleportation
 p - 2 scrolls of identify
Potions
 d - 3 potions of might
 e - 2 potions of curing
 g - a potion of flight
 m - a potion of heal wounds
Comestibles
 f - 5 rations


   Skills:
 + Level 5.1(4.5) Fighting
 + Level 4.5(3.9) Long Blades
 - Level 3.0(2.4) Armour
 - Level 3.0(2.4) Shields


You had 5 spell levels left.
You didn't know any spells.
Your spell library was empty.

Dungeon Overview and Level Annotations

Branches:
Dungeon (4/15)             Temple (1/1) D:4

Altars:
Ashenzari
Elyvilon
Fedhas
Hepliaklqana
Nemelex Xobeh
Okawaru
Ru
Sif Muna
Uskayaw
Yredelemnul

Annotations:
D:3 3 runed translucent doors, flotson's ghost, amateur VSAs


Message History

You kill the worker ant!
Okawaru accepts your kill.
An ogre comes into view. It is wielding a +0 giant spiked club.
The ogre shouts!
Evoke which item? (* to show all) (? for menu, Esc to quit)
Aiming: Polymorph
Press: ? - help, Shift-Dir - straight line, f - ogre
Aim: an ogre, wielding a +0 giant spiked club (chance to defeat MR: 46%)
The ogre resists with some effort.
The ogre hits you with a +0 giant spiked club!!
You slash the ogre!
The ogre is moderately wounded.
You completely miss the ogre.
The ogre is moderately wounded.
The ogre hits you with a +0 giant spiked club!!
* * * LOW HITPOINT WARNING * * *
You hit the ogre.
The ogre is heavily wounded.
The ogre hits you with a +0 giant spiked club!!
You die...

################.#.####
#.#.# ######.#.#
#......#.# #......#.#
#......#.# #......#.#
#......#.# ######@###
......O.# #########


You could see an ogre.

Vanquished Creatures
  A scorpion (D:4)
  A hound (D:4)
  A worker ant (D:4)
  Robin (D:2)
  An adder (D:3)
  An ooze (D:2)
  5 worms
  2 dart slugs
  2 leopard geckos
  An orc (D:4)
  A ball python (D:2)
  A giant cockroach (D:1)
  17 goblins
  15 hobgoblins
  10 jackals
  2 quokkas (D:2)
  11 bats
  5 frilled lizards
  11 kobolds
  9 rats
98 creatures vanquished.

Notes
Turn   | Place    | Note
-------+----------+-------------------------------------------
     0 | D:1      | Faca the Human Fighter began the quest for the Orb.
     0 | D:1      | Reached XP level 1. HP: 18/18 MP: 1/1
   142 | D:1      | Reached XP level 2. HP: 21/24 MP: 2/2
   553 | D:1      | Reached XP level 3. HP: 10/29 MP: 3/3
  1097 | D:2      | Found a faded altar of an unknown god.
  1179 | D:2      | Found a hazy altar of Hepliaklqana.
  1187 | D:2      | Reached XP level 4. HP: 36/37 MP: 4/4
  1221 | D:2      | Noticed Robin
  1484 | D:2      | Reached skill level 4 in Fighting
  1506 | D:2      | Killed Robin
  1690 | D:2      | Found a white marble altar of Elyvilon.
  2137 | D:3      | Reached XP level 5. HP: 33/42 MP: 5/5
  2459 | D:3      | Found a sparkling altar of Nemelex Xobeh.
  2556 | D:3      | Found a runed translucent gate.
  2556 | D:3      | Found a runed translucent gate.
  2556 | D:3      | Found a runed translucent gate.
  2557 | D:3      | Noticed a big kobold
  2557 | D:3      | Noticed flotson's ghost (amateur VSAs)
  2701 | D:3      | Found a sacrificial altar of Ru.
  2702 | D:3      | Found a blossoming altar of Fedhas.
  2922 | D:4      | Found a staircase to the Ecumenical Temple.
  2945 | D:4      | Reached XP level 6. HP: 24/50 MP: 6/6
  2961 | Temple   | Entered the Ecumenical Temple
  3120 | Temple   | Became a worshipper of Warmaster Okawaru
  3242 | D:4      | Reached skill level 5 in Fighting
  3362 | D:4      | Noticed an ogre
  3367 | D:4      | Mangled by an ogre

Levels and vault maps discovered:
D:1:      dpeg_arrival_arbitrary_b, layout_rooms, grunt_decor_one_mirror
D:2:      layout_loops_cross, elyvilon_altar_5, old_standard_altar,
          chequers_ecumenical_altar_grove, first_ration, uniq_robin
D:3:      layout_rooms, grunt_temple_overflow_open, serial_corexii_hall,
          corexii_hall_statues_deadend, corexii_hall_statues_i,
          gammafunk_ghost_nasty_kobolds, serial_bayou_lake_a
D:4:      layout_basic, minmay_temple_entry_large_hall
Temple:   dpeg_three_leaves_temple

Skill      XL: |  1  2  3  4  5  6 |
---------------+-------------------+-----
Long Blades    | 3 4 |  4.5
Fighting       | 4 5 |  5.1
Armour         | |  3.0
Shields        | |  3.0

Action                   |  1- 3 |  4- 6 || total
-------------------------+-------+-------++-------
Melee: Long sword        |   144 |   239 ||   383
Evoke: Wand              |       |     1 ||     1
  Use: Scroll            |     7 |     5 ||    12
  Eat: Chunk             |     1 |     6 ||     7
Armor: Scale mail        |    79 |   111 ||   190
Dodge: Dodged            |    46 |    78 ||   124
Block: Kite shield       |    84 |   136 ||   220
       Rpst.: Long sword |    12 |    19 ||    31

Table legend:
 A = Non-vault XP
 B = Vault XP
 C = Vault XP percentage of total XP
 D = Non-vault monster count
 E = Vault monster count
 F = Vault count percentage of total count
                 A         B        C        D         E       F
            +---------+---------+-------+---------+---------+-------
      Total |     320 |      35 |   9.9 |      87 |      11 |  11.2
            +---------+---------+-------+---------+---------+-------
        D:1 |      40 |       0 |   0.0 |      24 |       0 |   0.0
        D:2 |      50 |      35 |  41.2 |      27 |      11 |  28.9
        D:3 |      77 |       0 |   0.0 |      31 |       0 |   0.0
        D:4 |     153 |       0 |   0.0 |       5 |       0 |   0.0
            +---------+---------+-------+---------+---------+-------
